 Dungeon Crawl Stone Soup version 0.31-a0-313-g785cd24033 (webtiles) character file.

Game seed: 5476912749639716503

88 AdnanSaban the Trooper (level 4, -4/29 HPs)
             Began as a Gargoyle Fighter on July 17, 2023.
             Slain by an orc priest
             ... wielding a +0 trident
              (5 damage)
             ... on level 2 of the Dungeon.
             The game lasted 00:01:24 (1384 turns).

AdnanSaban the Trooper (Gargoyle Fighter)           Turns: 1384, Time: 00:01:24

Health: -4/29      AC: 11    Str: 22    XL:     4   Next: 54%
Magic:  4/4        EV:  9    Int:  8    God:
Gold:   113        SH:  4    Dex:  9    Spells: 3/3 levels left

rFire   . . .        a - +0 flail
rCold   . . .        c - +0 buckler
rNeg    + . .        b - +0 scale mail
rPois   ∞            n - +0 helmet
rElec   +            (no cloak)
rCorr   .            (no gloves)
SInv    .            (no boots)
Will    .....        (no amulet) Stlth
                     (no ring)
HPRegen 0.24/turn    (no ring)
MPRegen 0.09/turn

%: no passive effects
@: no status effects
A: sickness immunity, AC +3, negative energy resistance 1, electricity
resistance, torment resistance 1, petrification resistance
a: no special abilities


You were on level 2 of the Dungeon.
You visited 1 branch of the dungeon, and saw 2 of its levels.

You collected 113 gold pieces.

Inventory:

Hand Weapons
 a - a +0 flail (weapon)
Armour
 b - a +0 scale mail (worn)
 c - a +0 buckler (worn)
 n - a +0 helmet (worn)
Jewellery
 g - a ring of protection from fire
Scrolls
 e - 5 scrolls of identify {unknown}
 h - a scroll of enchant armour {unknown}
 i - 2 scrolls of revelation {unknown}
 j - a scroll of torment {unknown}
 k - a scroll of amnesia {unknown}
 m - a scroll of silence {unknown}
Potions
 d - a potion of might
 f - 6 potions of curing {unknown}
 l - a potion of berserk rage {unknown}


   Skills:
 + Level 4.0 Fighting
 + Level 3.2 Maces & Flails
 + Level 3.8 Armour
 + Level 3.8 Shields


You had 3 spell levels left.
You didn't know any spells.
Your spell library contained the following spells:

 Spells                   Type           Power      Damage    Failure   Level
 Wereblood                Tmut           0%         N/A       90%         2
 Irradiate                Conj/Tmut      0%         3d11      100%        5


Dungeon Overview and Level Annotations

Branches:
Dungeon (2/15)

Altars:
Gozag


Innate Abilities, Weirdness & Mutations

You are immune to sickness and miasma.
Your stone body is resilient. (AC +3)
You are immune to poison.
You resist negative energy. (rN+)
You are resistant to electric shocks. (rElec)
You are resistant to unholy torment.
You are immune to petrification.


Message History

No target in view!
No target in view!
No target in view!
No target in view!
No target in view!
No target in view!
No target in view!
No target in view!
No target in view!
No target in view!
No target in view!
No target in view!
No target in view!
No target in view!
No target in view!
No target in view!
No target in view!
There is a stone staircase leading down here.
You see here a +0 club.
Found a helmet.
You now have 113 gold pieces (gained 9).
You see here a +0 helmet.
You start putting on your armour.
You continue putting on your +0 helmet. x4
You finish putting on your +0 helmet.
An orc priest comes into view. It is wielding a +0 trident.
The orc priest shouts!
The orc priest moves out of view.
An orc priest is nearby!
The orc priest miscasts a cantrip.
The orc priest begins to cast a cantrip, but forgets the words!
The orc priest invokes the aid of Beogh against you.
Beogh smites you!
The orc priest mumbles some strange prayers to Beogh against you.
Beogh smites you!
Ouch! That really hurt!
* * * LOW HITPOINT WARNING * * *
You are too injured to fight recklessly!
You hit the orc priest but do no damage.
The orc priest hits you with a +0 trident.
You die...

#####.#######...######
#...#...........##....
#.#.#.#######..##..)..
######.#.........#...†.....
#.............##.#..#......
#.####)#.......#.#..#......
#.#.......#.#..#......
#.#.o.....#.#..##.(...
#.#..@)...#.#..###....
#.#.......#.#..# #####
#.#......##.#..#
#.#.......#.#..#
#.#######.#.#..# #.#
#.#.#.>####### #.#
#.#........... #.#
#.####........ #.# #.#
#........


You could see an orc priest.

Vanquished Creatures
  Jessica (D:2)
  An adder (D:2)
  A worm (D:2)
  2 dart slugs (D:1)
  3 orcs (D:2)
  A ball python (D:1)
  3 bats
  4 endoplasms
  13 giant cockroaches (D:2)
  A goblin (D:1)
  2 hobgoblins (D:2)
  A quokka (D:1)
  4 frilled lizards
  2 kobolds (D:1)
39 creatures vanquished.

Notes
Turn   | Place    | Note
-------+----------+-------------------------------------------
     0 | D:1      | AdnanSaban the Gargoyle Fighter began the quest for the
                  | Orb.
     0 | D:1      | Reached XP level 1. HP: 14/14 MP: 1/1
   137 | D:1      | Reached XP level 2. HP: 19/19 MP: 2/2
   767 | D:2      | Found an opulent altar of Gozag.
   798 | D:2      | Reached XP level 3. HP: 18/24 MP: 3/3
   952 | D:2      | Reached XP level 4. HP: 29/29 MP: 4/4
   959 | D:2      | Reached skill level 4 in Fighting
  1169 | D:2      | Noticed Jessica
  1176 | D:2      | Killed Jessica
  1383 | D:2      | HP: 1/29 [orc priest/divine providence (17)]
  1384 | D:2      | Slain by an orc priest

Illustrated notes

Levels and vault maps discovered:
D:1:      saegor_arrival_simple_d, layout_basic, solitary_fountain
D:2:      minmay_roachtagon, layout_basic, basic_altar, uniq_crazy_yiuf_cottage,
          uniq_sigmund, uniq_jessica

Skill      XL: |  1  2  3  4 |
---------------+-------------+-----
Fighting       | 4 |  4.0
Maces & Flails | 3 |  3.2
Armour         | |  3.8
Shields        | |  3.8

Action                     |  1- 3 |  4- 6 || total
---------------------------+-------+-------++-------
  Melee: Flail             |    99 |    17 ||   116
 Armour: Scale mail        |    63 |    11 ||    74
  Dodge: Dodged            |    66 |     9 ||    75
  Block: Buckler           |    23 |     4 ||    27

Table legend: (Time is in decaauts)
 A = Elapsed time spent in this place.
 B = Non-inter-level travel time spent in this place.
 C = Inter-level travel time spent in this place.
 D = Time resting spent in this place.
 E = Time spent auto-exploring this place.
 F = Levels seen in this place.
 G = Mean time per level.
                   A        B        C        D        E       F      G
               +--------+--------+--------+--------+--------+-----+--------+
         Total |   1419 |   1381 |     38 |      0 |   1109 |   2 |  709.5 |
       Dungeon |   1419 |   1381 |     38 |      0 |   1109 |   2 |  709.5 |
               +--------+--------+--------+--------+--------+-----+--------+

Top non-repeatable levels by time:
     D:1: 739 daAuts
     D:2: 679 daAuts
